 Dungeon Crawl Stone Soup version 0.32-a0-876-gcfddb08e57 (webtiles) character file.

Game seed: 17511808569461780312

151 Dirtsage the Slasher (level 5, 29/41 HPs)
             Began as a Demonspawn Monk on Apr 1, 2024.
             Quit the game on level 2 of the Dungeon.
             The game lasted 00:03:31 (1987 turns).

Dirtsage the Slasher (Demonspawn Monk)              Turns: 1987, Time: 00:03:31

Health: 29/41      AC:  5    Str: 11    XL:     5   Next: 10%
Magic:  5/5        EV: 10    Int: 13    God:
Gold:   87         SH:  0    Dex: 17    Spells: 4/4 levels left

rFire   . . .        a - +0 falchion
rCold   . . .        d - orb {light}
rNeg    . . .        f - +0 ring mail
rPois   .            (helmet restricted)
rElec   .            (no cloak)
rCorr   .            (no gloves)
SInv    .            (no boots)
Will    +....        (no amulet)
Stlth   +            r - ring of willpower
HPRegen 0.26/turn    (no ring)
MPRegen 0.09/turn

%: no passive effects
@: mighty, glowing
A: antennae 1, big brain 1
a: no special abilities


You were on level 2 of the Dungeon.
You visited 1 branch of the dungeon, and saw 2 of its levels.

You collected 87 gold pieces.

Inventory:

Hand Weapons
 a - a +0 falchion (weapon)
Armour
 b - a +0 robe
 d - an orb of light (worn)
 f - a +0 ring mail (worn)
 s - a +0 cloak
Jewellery
 r - a ring of willpower (left hand)
Scrolls
 e - a scroll of torment {unknown}
 g - 2 scrolls of revelation {unknown}
 h - 3 scrolls of identify {unknown}
 j - a scroll of amnesia {unknown}
 l - 4 scrolls of teleportation {unknown}
Potions
 c - a potion of ambrosia
 i - a potion of curing {unknown}
 k - 2 potions of might {unknown}
 m - a potion of heal wounds {unknown}
 n - a potion of brilliance {unknown}
 o - a potion of cancellation {unknown}
 p - a potion of enlightenment {unknown}
 q - a potion of haste {unknown}


   Skills:
 - Level 3.0 Fighting
 + Level 5.3 Long Blades
 - Level 2.6 Dodging


You had 4 spell levels left.
You didn't know any spells.
Your spell library contained the following spells:

 Spells                   Type           Power      Damage    Failure   Level
 Mercury Vapours          Alch/Air       0%         N/A       75%         2
 Mephitic Cloud           Conj/Alch/Air  0%         N/A       92%         3
 Sigil of Binding         Hex            0%         N/A       92%         3
 Freezing Cloud           Conj/Ice/Air   0%         6-21      100%        5
 Death Channel            Necr           0%         N/A       100%        6
 Sculpt Simulacrum        Ice/Alch       0%         N/A       100%        6


Dungeon Overview and Level Annotations

Branches:
Dungeon (2/15)

Altars:

Shops:
D:2 :


Innate Abilities, Weirdness & Mutations

You have a pair of small antennae on your head.
You have an unusually large brain. (Int +2)


Message History

No target in view!
You see here a bat corpse.
There is an open door here.
You see here a +0 dagger.
Found a stone staircase leading up.
Unknown command.
You see here a +0 dagger.
You see here a hound skeleton.
h - 3 scrolls labelled CAGAPORPHUD (gained 1)
You enter the shallow water.
Moving in this stuff is going to be slow.
Things that are here:
a +0 club; a +0 sling; a goblin skeleton
Found a stone staircase leading down.
There is a stone staircase leading down here.
You see here a hobgoblin skeleton.
There is an open door here.
Crazy Yiuf shouts!
You have nothing you can fire or use right now.
Unknown command.
You open the door. You hit Crazy Yiuf.
Crazy Yiuf is lightly wounded.
Crazy Yiuf hits you with a +3 quarterstaff of chaos!
You feel very mighty all of a sudden.
You take 11 damage, and have 24/35 hp.
MASSIVE DAMAGE!!
You slash Crazy Yiuf!
Crazy Yiuf is severely wounded.
Crazy Yiuf barely misses you.
You slash Crazy Yiuf!
You kill Crazy Yiuf!
You have reached level 5!
Your demonic ancestry asserts itself...
Your brain expands.
You regained 4 hp, and now have 28/41 hp.
MP restored: 5
s - a +0 cloak
There is an open translucent door here.
You see here a +3 quarterstaff of chaos.
Are you sure you want to abandon this character and quit the game? (Confirm with "yes".)

##### ###########
#>..####### #..........
#..##...#.### ####
###########
#...).PP.#..##...#
#......
###....)PP####.@...#
#.####. #.....#.P##
###..)# #.#..#.
#....##### #### #.#....
#..).# #####.#.###
#....# #..........
#....#
##############.....#'###
#....#
#..##...................
#....#
##.............##.......
###'##
####..........##.......


There were no monsters in sight!

Vanquished Creatures
  Crazy Yiuf (D:2)
  A hound (D:2)
  Robin (D:2)
  An adder (D:2)
  2 dart slugs
  3 endoplasms
  17 goblins
  6 hobgoblins (D:2)
  6 kobolds
  3 quokkas
  5 ball pythons
  8 bats
  5 frilled lizards
  5 rats
64 creatures vanquished.

Notes
Turn   | Place    | Note
-------+----------+-------------------------------------------
     0 | D:1      | Dirtsage the Demonspawn Monk began the quest for the Orb.
     0 | D:1      | Reached XP level 1. HP: 18/18 MP: 1/1
    34 | D:1      | Reached skill level 3 in Long Blades
    47 | D:1      | Gained mutation: You have a pair of small antennae on your
                  | head. [demonic ancestry]
    47 | D:1      | Reached XP level 2. HP: 11/24 MP: 2/2
   988 | D:2      | Reached XP level 3. HP: 29/29 MP: 3/3
   990 | D:2      | Reached skill level 4 in Long Blades
  1002 | D:2      | Noticed Robin
  1044 | D:2      | Killed Robin
  1124 | D:2      | Reached XP level 4. HP: 32/35 MP: 4/4
  1340 | D:2      | Found a faded altar of an unknown god.
  1366 | D:2      | Reached skill level 5 in Long Blades
  1537 | D:2      | Found Plog's Book Shoppe.
  1633 | D:2      | Found a runed translucent door.
  1634 | D:2      | Noticed Crazy Yiuf
  1984 | D:2      | Killed Crazy Yiuf
  1985 | D:2      | Gained mutation: You have an unusually large brain. (Int
                  | +2) [demonic ancestry]
  1985 | D:2      | Reached XP level 5. HP: 28/41 MP: 5/5
  1987 | D:2      | Quit the game

Illustrated notes

Levels and vault maps discovered:
D:1:      shiori_shiawase, layout_basic, serial_park_tiny_1, minmay_pentomino_o4
D:2:      layout_basic, serial_shops, nicolae_shop_window_shopping,
          ebering_ecumenical_altar_sacrificial, nicolae_underground_beach,
          uniq_crazy_yiuf_cottage, uniq_robin

Skill      XL: |  1  2  3  4 |
---------------+-------------+-----
Long Blades    | 3 4 5 |  5.3
Fighting       | |  3.0
Dodging        | |  2.6

Action                     |  1- 3 |  4- 6 || total
---------------------------+-------+-------++-------
  Melee: Falchion          |   101 |    52 ||   153
 Armour: Robe              |     9 |       ||     9
         Ring mail         |    52 |    44 ||    96
  Dodge: Dodged            |    50 |    58 ||   108

Table legend: (Time is in decaauts)
 A = Elapsed time spent in this place.
 B = Non-inter-level travel time spent in this place.
 C = Inter-level travel time spent in this place.
 D = Time resting spent in this place.
 E = Time spent auto-exploring this place.
 F = Levels seen in this place.
 G = Mean time per level.
                   A        B        C        D        E       F      G
               +--------+--------+--------+--------+--------+-----+--------+
         Total |   2002 |   1982 |     20 |      0 |   1682 |   2 | 1001.0 |
       Dungeon |   2002 |   1982 |     20 |      0 |   1682 |   2 | 1001.0 |
               +--------+--------+--------+--------+--------+-----+--------+

Top non-repeatable levels by time:
     D:2: 1054 daAuts
     D:1: 947 daAuts
